 Dungeon Crawl Stone Soup version 0.31-a0-202-g547052bce9 (webtiles) character file.

Game seed: 4937834853354599738

538 qw the Skirmisher (level 7, -1/40 HPs)
             Began as a Deep Elf Hunter on June 26, 2023.
             Slain by an orc
             ... wielding a +0 short sword
              (5 damage)
             ... on level 6 of the Dungeon.
             The game lasted 00:00:54 (2249 turns).

qw the Skirmisher (Deep Elf Hunter)                 Turns: 2249, Time: 00:00:55

Health: -1/40      AC:  7    Str: 10    XL:     7   Next: 5%
Magic:  9/9        EV: 16    Int: 14    God:
Gold:   94         SH:  0    Dex: 18    Spells: 6/6 levels left

rFire   . . .        c - +0 arbalest
rCold   . . .        (shield currently unavailable)
rNeg    . . .        m - +0 ring mail
rPois   .            b - +0 helmet
rElec   .            (no cloak)
rCorr   .            (no gloves)
SInv    .            e - +0 pair of boots
Will    .....        d - amulet of regeneration
Stlth   +            k - +5 ring of evasion
HPRegen 1.06/turn    (no ring)
MPRegen 0.11/turn

%: no passive effects
@: no status effects
A: no striking features
a: no special abilities


You were on level 6 of the Dungeon.
You visited 1 branch of the dungeon, and saw 6 of its levels.

You collected 161 gold pieces.
You spent 67 gold pieces at shops.


   Skills:
 - Level 2.6 Fighting
 - Level 10.0 Ranged Weapons
 - Level 2.0 Armour
 + Level 2.4 Dodging
 - Level 1.2 Stealth


You had 6 spell levels left.
You didn't know any spells.
Your spell library was empty.

Inventory:

Hand Weapons
 c - a +0 arbalest (weapon)
Armour
 b - a +0 helmet (worn)
 e - a +0 pair of boots (worn)
 m - a +0 ring mail (worn)
Jewellery
 d - an amulet of regeneration (around neck)
 k - a +5 ring of evasion (left hand)
Scrolls
 i - 2 scrolls of teleportation
Potions
 a - a potion of mutation {unknown}
 g - 2 potions of might {unknown}
 h - 2 potions of heal wounds {unknown}
 j - a potion of haste {unknown}
 l - a potion of curing {unknown}

Dungeon Overview and Level Annotations

Branches:
Dungeon (7/15)
 Temple: D:4-7

Altars:
Kikubaaqudgha
Yredelemnul

Shops:
D:1 *   D:6 (


Message History

A black bear comes into view.
Enter note: You shoot a bolt.
The bolt hits the black bear!
The black bear growls angrily.
The black bear is moderately wounded.
An orc comes into view. It is wielding a +0 short sword.
A troll comes into view.
You shoot a bolt. The orc shouts!
The bolt hits the black bear!!
You kill the black bear!
Your Ranged Weapons skill increases to level 10!
You have reached level 7!
You shoot a bolt. The bolt hits the troll!
The troll is moderately wounded.
The orc throws a boomerang.
The boomerang closely misses you. The troll bites you but does no damage.
The troll claws you. The troll claws you!
The orc throws a boomerang.
The boomerang hits you.
You shoot a bolt. The bolt hits the troll.
The troll is moderately wounded.
The troll barely misses you. The troll misses you. The troll claws you.
You shoot a bolt. The bolt hits the troll!!
The troll is almost dead.
The troll bites you but does no damage. The troll claws you but does no damage.
The troll claws you.
The orc throws a boomerang.
The boomerang hits you.
The troll misses you. x2; The troll closely misses you.
You shoot a bolt. The bolt closely misses the troll.
The troll bites you but does no damage. The troll barely misses you.
The troll completely misses you.
You shoot a bolt. The bolt barely misses the troll.
The troll misses you. The troll closely misses you. The troll misses you.
The orc closely misses you. The troll closely misses you.
The troll claws you but does no damage. The troll barely misses you.
You shoot a bolt. The bolt closely misses the troll.
The troll barely misses you. The troll misses you. The troll claws you.
The orc barely misses you.
You shoot a bolt. The bolt closely misses the troll.
The troll misses you. The troll claws you! The troll misses you.
The orc hits you with a +0 short sword. x2
You die...

## #.#
##.####....#.....#. #
..#
#..........#..#.... #
####
#..######........#
#... ####...### ....#
########.^...# ......
............# .....#
##.##........#
.######.#.T##........#
#....!@.........#
....)##o..##...).# .##
#.####.....## ...#
#..>...# #.#..
#.......# ......
######..# ... .[.
##... ........ .##. .#
#


You could see a troll and an orc.

Vanquished Creatures
  A steam dragon (D:6)
  An orc warrior (D:6)
  A black bear (D:6)
  A centaur (D:6)
  A hound (D:6)
  An orc priest (D:6)
  Robin (D:2)
  2 worms (D:2)
  4 dart slugs
  An orc (D:6)
  7 bats
  2 endoplasms (D:1)
  5 giant cockroaches
  12 goblins
  6 hobgoblins
  4 kobolds
  6 ball pythons
  3 frilled lizards
  3 rats
62 creatures vanquished.

Vanquished Creatures (others)
  A human (D:3)
1 creature vanquished.

Grand Total: 63 creatures vanquished

Notes
Turn   | Place    | Note
-------+----------+-------------------------------------------
     0 | D:1      | qw the Deep Elf Hunter began the quest for the Orb.
     0 | D:1      | Reached XP level 1. HP: 12/12 MP: 3/3
     0 | D:1      | 0 ||| qw: Version: 0.3-a-22-g0ed2b0b
     0 | D:1      | 0 ||| qw: Game counter: 6038
     0 | D:1      | 0 ||| qw: Melee chars always use a shield: true
     0 | D:1      | 0 ||| qw: God list: Okawaru
     0 | D:1      | 0 ||| qw: Allow faded altars: false
     0 | D:1      | 0 ||| qw: Do Orc after clearing Dungeon:15 true
     0 | D:1      | 0 ||| qw: Do second Lair branch before Depths: true
     0 | D:1      | 0 ||| qw: Lair rune preference: random
     0 | D:1      | 0 ||| qw: Goals: Normal
     0 | D:1      | 0 ||| PLANNING D:1-11
    55 | D:1      | 55 ||| FLEEEEING.
    56 | D:1      | 56 ||| FLEEEEING.
    57 | D:1      | 57 ||| FLEEEEING.
    58 | D:1      | 58 ||| FLEEEEING.
   189 | D:1      | Reached skill level 6 in Ranged Weapons
   189 | D:1      | Reached XP level 2. HP: 16/16 MP: 4/4
   341 | D:1      | Found Xorresong's General Store.
   358 | D:1      | 358 ||| SHOPLISTING +0 scale mail (48 gold, have 19).
   358 | D:1      | 358 ||| SHOPLISTING +1 scale mail of cold resistance (192
                  | gold, have 19).
   358 | D:1      | 358 ||| SHOPLISTING +4 ring mail of the Zebra {Dex+2} (422
                  | gold, have 19).
   358 | D:1      | 358 ||| SHOPLISTING scroll of enchant armour (90 gold, have
                  | 19).
   384 | D:1      | 384 ||| DROPPING ring of magical power.
   385 | D:1      | 385 ||| READING scroll labelled VACHOLL EWAHIA.
   388 | D:1      | 388 ||| DROPPING scroll of butterflies.
   476 | D:2      | Reached XP level 3. HP: 20/20 MP: 5/5
   519 | D:2      | Found a faded altar of an unknown god.
   602 | D:2      | Reached skill level 7 in Ranged Weapons
  1095 | D:2      | Identified the +3 spear of Newewky {flame, rF+ Str+2}
  1098 | D:2      | 1098 ||| UPGRADING to +0 scale mail.
  1108 | D:2      | 1108 ||| DROPPING +0 leather armour.
  1109 | D:2      | 1109 ||| UPGRADING to amulet of regeneration.
  1114 | D:2      | 1114 ||| UPGRADING to +5 ring of evasion.
  1115 | D:2      | 1115 ||| READING scroll labelled EDAIFE XIOT FEXA.
  1116 | D:2      | 1116 ||| READING scroll labelled HAASER YMEUZ.
  1117 | D:2      | 1117 ||| DRINKING 2 yellow potions.
  1118 | D:2      | 1118 ||| DROPPING potion of brilliance.
  1164 | D:3      | Noticed Robin
  1173 | D:3      | 1173 ||| STAIRDANCE
  1177 | D:2      | Killed Robin
  1180 | D:2      | Reached XP level 4. HP: 21/25 MP: 6/6
  1186 | D:2      | 1186 ||| UPGRADING to +0 helmet.
  1199 | D:3      | 1199 ||| STAIRDANCE
  1256 | D:3      | Found a basalt altar of Yredelemnul.
  1483 | D:3      | Paralysed by a hobgoblin for 2 turns
  1575 | D:3      | Found an ancient bone altar of Kikubaaqudgha.
  1577 | D:3      | Noticed a human
  1578 | D:3      | Killed a human
  1851 | D:3      | 1851 ||| DROPPING scarf of invisibility.
  1852 | D:3      | 1852 ||| UPGRADING to +0 pair of boots.
  1857 | D:3      | 1857 ||| UPGRADING to +0 ring mail.
  1867 | D:3      | 1867 ||| DROPPING +0 scale mail.
  1868 | D:3      | 1868 ||| READING scroll labelled UFUCSEKYSCH.
  1892 | D:4      | 1892 ||| READING scroll of enchant weapon.
  1892 | D:4      | 1892 ||| ENCHANTING +1 shortbow.
  2091 | D:4      | You fall into a shaft and drop 3 floors!
  2108 | D:6      | Noticed a steam dragon
  2115 | D:6      | Reached skill level 8 in Ranged Weapons
  2119 | D:6      | Noticed an orc warrior
  2121 | D:6      | Killed a steam dragon
  2122 | D:6      | Reached skill level 9 in Ranged Weapons
  2122 | D:6      | Reached XP level 5. HP: 28/29 MP: 7/7
  2127 | D:6      | Killed an orc warrior
  2128 | D:6      | Reached XP level 6. HP: 11/36 MP: 8/8
  2194 | D:6      | Found Miaczaos's Weapon Boutique.
  2212 | D:6      | 2212 ||| BUYING +0 arbalest (67 gold).
  2212 | D:6      | Bought a +0 arbalest for 67 gold pieces
  2212 | D:6      | 2212 ||| SWAPPING to +0 arbalest.
  2213 | D:6      | 2213 ||| DROPPING +2 shortbow.
  2241 | D:6      | Noticed a troll
  2243 | D:6      | Reached skill level 10 in Ranged Weapons
  2243 | D:6      | Reached XP level 7. HP: 40/40 MP: 9/9
  2249 | D:6      | HP: 8/40 [troll (10)]
  2249 | D:6      | Slain by an orc

Levels and vault maps discovered:
D:1:      onia_arrival_mini_spirals, layout_rooms, serial_shops,
          nicolae_shop_waterfront
D:2:      layout_basic, ebering_ecumenical_altar_abandoned
D:3:      layout_loops_ring, tgw_kikubaaqudgha, mainiacjoe_overflow_boulevard,
          uniq_robin
D:4:      layout_layer_cave, minmay_manual_mares, uniq_duvessa
D:6:      layout_rooms, nemelex_diamond_rough_becter, zin_scriptorium,
          slow_altar_2, serial_shops, shop
D:7:      layout_rooms, minmay_temple_entry_grid,
          hangedman_abyss_or_decor_lesser_grid, minmay_hollow_rounded_squares,
          uniq_crazy_yiuf_cottage

Skill      XL: |  1  2  3  4  5  6 |
---------------+-------------------+-----
Ranged Weapons | 6 7 9 10 | 10.0
Fighting       | 2 |  2.6
Armour         | 2 |  2.0
Dodging        | |  2.4
Stealth        | |  1.2

Action                     |  1- 3 |  4- 6 |  7- 9 || total
---------------------------+-------+-------+-------++-------
   Fire: Shortbow          |   102 |    63 |       ||   165
         Arbalest          |       |     2 |     7 ||     9
    Use: Scroll            |     3 |     2 |       ||     5
         Potion            |     1 |       |       ||     1
 Armour: Leather armour    |     7 |       |       ||     7
         Scale mail        |     4 |    11 |       ||    15
         Ring mail         |       |     4 |     5 ||     9
  Dodge: Dodged            |    21 |    29 |    19 ||    69

Table legend:
 A = Non-vault XP
 B = Vault XP
 C = Vault XP percentage of total XP
 D = Non-vault monster count
 E = Vault monster count
 F = Vault count percentage of total count
                 A         B        C        D         E       F
            +---------+---------+-------+---------+---------+-------
      Total |     737 |      32 |   4.2 |      52 |      10 |  16.1
            +---------+---------+-------+---------+---------+-------
        D:1 |      32 |       0 |   0.0 |      15 |       0 |   0.0
        D:2 |      41 |      24 |  36.9 |      19 |       5 |  20.8
        D:3 |      14 |       8 |  36.4 |       9 |       5 |  35.7
        D:4 |       4 |       0 |   0.0 |       2 |       0 |   0.0
        D:6 |     646 |       0 |   0.0 |       7 |       0 |   0.0
            +---------+---------+-------+---------+---------+-------
